 Dungeon Crawl Stone Soup version 0.27-a0-1206-g6342a01c75 (webtiles) character file.

Game seed: 18184949808220221662

791 Glokmah the Cultivator (level 7, -16/52 HPs)
             Began as a Demonspawn Wanderer on June 5, 2021.
             Was a Believer of Fedhas.
             Demolished by a shadow (22 damage)
             ... on level 4 of the Dungeon.
             The game lasted 00:18:26 (7589 turns).

Glokmah the Cultivator (Demonspawn Wanderer)        Turns: 7589, Time: 00:18:27

Health: -16/52     AC: 11    Str: 12    XL:     7   Next: 57%
Magic:  10/13      EV: 12    Int: 14    God:    Fedhas [**....]
Gold:   246        SH:  0    Dex: 14    Spells: 13/14 levels left

rFire    . . .     SeeInvis .   a - +4 dagger (venom)
rCold    . . .     Faith    .   (no shield)
rNeg     . . .     Spirit   .   y - +2 scale mail {rPois}
rPois    +         Reflect  .   (no helmet)
rElec    .         Harm     .   (no cloak)
rCorr    .         Rampage  .   i - +0 pair of gloves
Will     +....                  (no boots)
Stlth    ..........             (no amulet)
HPRegen  0.17/turn              j - +4 ring of evasion
MPRegen  0.26/turn              d - ring of willpower

@: no status effects
A: yellow scales 1, foul stench 1, magic regeneration
a: Renounce Religion, Wall of Briars


You were on level 4 of the Dungeon.
You worshipped Fedhas.
Fedhas was pleased with you.
You visited 1 branch of the dungeon, and saw 5 of its levels.

You collected 246 gold pieces.

Inventory:

Hand Weapons
 a - a +4 dagger of venom (weapon)
 b - a +0 spear
Missiles
 u - 49 bolts
 w - 7 poisoned darts
 x - 5 datura-tipped darts
Armour
 i - a +0 pair of gloves (worn)
 m - a +0 kite shield
 y - a +2 scale mail of poison resistance (worn)
Jewellery
 d - a ring of willpower (right hand)
 j - a +4 ring of evasion (left hand)
 q - a ring of protection from fire
Wands
 e - a wand of charming (15)
 s - a wand of iceblast (5) (quivered)
Scrolls
 c - 2 scrolls of identify
 f - 2 scrolls of teleportation
 h - a scroll of amnesia
 l - a scroll of fog
 A - a scroll of noise
Potions
 g - a potion of haste {unknown}
 k - a potion of magic {unknown}
 o - a potion of might {unknown}
 t - 2 potions of flight
 v - a potion of cancellation {unknown}
 z - a potion of attraction {unknown}


   Skills:
 + Level 3.5 Fighting
 * Level 1.2 Crossbows
 + Level 4.0 Spellcasting
 - Level 2.1 Conjurations
 - Level 1.0 Summonings
 - Level 1.1 Necromancy
 - Level 2.8 Translocations
 * Level 6.6 Invocations
 - Level 3.0 Evocations


You had 13 spell levels left.
You knew the following spells:

 Your Spells              Type           Power      Damage    Failure   Level
a - Apportation           Tloc           20%        N/A       34%         1

Your spell library contained the following spells:

 Spells                   Type           Power      Damage    Failure   Level
 Gell's Gravitas          Tloc           5%         N/A       71%         3


Dungeon Overview and Level Annotations

Branches:
Dungeon (5/15)
 Temple: D:4-7

Altars:
Fedhas
Gozag

Shops:
D:2 :=(   D:5 !

Annotations:
D:3 3 runed translucent doors, Nacht's ghost, amateur DjFE


Innate Abilities, Weirdness & Mutations

You are partially covered in yellow scales. (AC +2)
You may rarely emit foul miasma when damaged in melee.
You regenerate magic rapidly.


Message History

You climb upwards.
There is a stone staircase leading down here.
You hit the shadow.
The shadow is lightly damaged.
The shadow hits you.
You hit the shadow.
The shadow is lightly damaged.
The shadow hits you!
You hit the shadow but do no damage.
The shadow is lightly damaged.
The shadow hits you.
You hit the shadow but do no damage.
The shadow is lightly damaged.
The shadow hits you.
You barely miss the shadow.
The shadow is lightly damaged.
The shadow hits you.
You hit the shadow.
The shadow is lightly damaged.
The shadow hits you.
You hit the shadow but do no damage.
The shadow is lightly damaged.
The shadow barely misses you.
The shadow slips into darkness.
The shadow flickers and vanishes!
Deactivating autopickup; reactivate with Ctrl-A.
There is an open door here.
The shadow strikes at you from the darkness!
Ouch! That really hurt!
* * * LOW HITPOINT WARNING * * *
Reactivating autopickup.
You emit a cloud of foul miasma!
A briar patch grows up from the ground.
The shadow slips into darkness.
The shadow flickers and vanishes!
Deactivating autopickup; reactivate with Ctrl-A.
You walk carefully through the plants.
The shadow strikes at you from the darkness!
You die...
Fedhas appreciates your contribution to the ecosystem.

#..#...................# #....
#..#...........#'####### #....
...#...........#.# #....
##.............#.# #....
.##............#°# ##########'
#.#.##'#########.# #.......##.
#...##.# #.######.......##.
#.#..#.# #.#....'.....<.##.
.##....# #@#.####.......##.
##..##.# #######.#.# #..).....#.
....##.# #.......#.# #........#.
.##.##.###.#######.####........#.
.#.....#.....# #.............#.
.#..####.##### ############.##.
.#..####.# #.##. .#....##.# #.###
.#.##.##.# #.#


There were no monsters in sight!

Vanquished Creatures
  An ice beast (D:3)
  A black bear (D:4)
  A phantom (D:4)
  A scorpion (D:4)
  A centaur zombie (D:5)
  2 hounds (D:4)
  A gnoll shaman (D:4)
  An orc priest (D:4)
  4 iguanas
  An orc wizard (D:4)
  Ijyb (D:4)
  6 adders
  A worm (D:4)
  2 dart slugs
  5 orcs
  11 endoplasms
  A giant cockroach (D:3)
  6 goblins
  6 hobgoblins
  11 jackals
  3 quokkas
  7 ball pythons
  8 bats
  6 frilled lizards
  5 kobolds
  10 rats
103 creatures vanquished.

Vanquished Creatures (collateral kills)
  5 gnolls (D:4)
  A hobgoblin (D:1)
6 creatures vanquished.

Grand Total: 109 creatures vanquished

Notes
Turn   | Place    | Note
-------+----------+-------------------------------------------
     0 | D:1      | Glokmah the Demonspawn Wanderer began the quest for the
                  | Orb.
     0 | D:1      | Glokmah set off with the following items: a +0 dagger, a
                  | potion of curing, a +0 robe, a wand of charming (15); and
                  | the following spell memorised: Apportation; and the
                  | following spells available to memorise: Gell's Gravitas
     0 | D:1      | Reached XP level 1. HP: 13/13 MP: 3/3
   710 | D:1      | Gained mutation: You are partially covered in yellow
                  | scales. (AC +2) [demonic ancestry]
   710 | D:1      | Reached XP level 2. HP: 10/19 MP: 5/5
   886 | D:1      | Found a faded altar of an unknown god.
   911 | D:1      | Became a worshipper of Fedhas Madash
   911 | D:1      | Reached * piety under Fedhas
  1559 | D:1      | Reached skill level 1 in Invocations
  1953 | D:1      | Reached skill level 1 in Fighting
  1953 | D:1      | Reached XP level 3. HP: 19/26 MP: 6/6
  3368 | D:2      | Reached skill level 2 in Invocations
  3399 | D:2      | Found Jaemmau's Book Emporium.
  3452 | D:2      | Gained mutation: You may rarely emit foul miasma when
                  | damaged in melee. [demonic ancestry]
  3452 | D:2      | Reached XP level 4. HP: 32/32 MP: 7/7
  3479 | D:2      | Reached ** piety under Fedhas
  3482 | D:2      | Found Plog's Weapon Shoppe.
  3507 | D:2      | Found Maimmisk's Jewellery Shoppe.
  3721 | D:3      | Found an opulent altar of Gozag.
  3754 | D:3      | Found a runed translucent gate.
  3755 | D:3      | Found a runed translucent gate.
  3756 | D:3      | Found a runed translucent gate.
  3971 | D:3      | Noticed an ice beast
  4006 | D:3      | Killed an ice beast
  4007 | D:3      | Reached skill level 3 in Invocations
  4007 | D:3      | Reached XP level 5. HP: 11/38 MP: 7/9
  4396 | D:3      | Noticed Nacht's ghost (amateur DjFE)
  4798 | D:4      | Reached skill level 4 in Invocations
  4798 | D:4      | Gained mutation: You regenerate magic rapidly. [demonic
                  | ancestry]
  4798 | D:4      | Reached XP level 6. HP: 31/44 MP: 10/10
  5534 | D:4      | Reached skill level 5 in Invocations
  5598 | D:4      | Reached XP level 7. HP: 30/52 MP: 12/12
  6190 | D:4      | Noticed Ijyb
  6216 | D:4      | Reached skill level 6 in Invocations
  6235 | D:4      | Killed Ijyb
  7108 | D:5      | Entered Level 5 of the Dungeon
  7144 | D:5      | Found Voboth's Distillery.
  7145 | D:5      | Noticed a shadow
  7161 | D:4      | HP: 1/52 [phantom (4)]
  7435 | D:4      | Reached skill level 1 in Crossbows
  7589 | D:4      | Demolished by a shadow

Illustrated notes

Levels and vault maps discovered:
D:1:      onia_arrival_handbag, layout_loops_ring, basic_ecumenical_altar,
          minmay_misc_feat_more_columns
D:2:      layout_basic, serial_shops, nicolae_shop_window_shopping, shop,
          nicolae_shop_stone, kennysheep_generic_room_11
D:3:      layout_rooms, amcnicky_altar_gilded, gammafunk_ghost_icy
D:4:      layout_basic, minmay_checkerbox, uniq_ijyb
D:5:      layout_loops_ring, gup_sewer_entry_bubbles, serial_shops,
          shop_fountains, hangedman_decor_peaks_small, uniq_crazy_yiuf_cottage

Skill      XL: |  1  2  3  4  5  6  7 |
---------------+----------------------+-----
Translocations | 2 |  2.8
Invocations    | 1 2 3 4 5 6 |  6.6
Fighting       | 1 2 3 |  3.5
Evocations     | 3 |  3.0
Spellcasting   | 3 4 |  4.0
Crossbows      | 1 |  1.2
Conjurations   | |  2.1
Summonings     | |  1.0
Necromancy     | |  1.1

Action                   |  1- 3 |  4- 6 |  7- 9 || total
-------------------------+-------+-------+-------++-------
Melee: Dagger            |   188 |   175 |    75 ||   438
Throw: Dart              |    23 |    33 |       ||    56
 Cast: Apportation       |     1 |       |       ||     1
Invok: Wall of Briars    |       |     3 |     1 ||     4
Evoke: Wand              |     2 |       |     2 ||     4
  Use: Potion            |     2 |       |     1 ||     3
       Scroll            |     1 |       |     9 ||    10
 Stab: Sleeping          |     2 |     1 |       ||     3
Armor: Robe              |    53 |     7 |       ||    60
       Leather armour    |       |    33 |     6 ||    39
       Scale mail        |       |       |    23 ||    23
Dodge: Dodged            |   121 |   134 |    46 ||   301

Table legend: (Time is in decaauts)
 A = Elapsed time spent in this place.
 B = Non-inter-level travel time spent in this place.
 C = Inter-level travel time spent in this place.
 D = Time resting spent in this place.
 E = Time spent auto-exploring this place.
 F = Levels seen in this place.
 G = Mean time per level.
                   A        B        C        D        E       F      G
               +--------+--------+--------+--------+--------+-----+--------+
         Total |   7597 |   6981 |    616 |   2623 |   2775 |   5 | 1519.4 |
       Dungeon |   7597 |   6981 |    616 |   2623 |   2775 |   5 | 1519.4 |
               +--------+--------+--------+--------+--------+-----+--------+

Top non-repeatable levels by time:
     D:1: 2966 daAuts
     D:4: 2697 daAuts
     D:3: 1014 daAuts
     D:2: 799 daAuts
     D:5: 119 daAuts
